 Dungeon Crawl Stone Soup version 0.32-a0-938-g40ac7a0f4d (webtiles) character file.

Game seed: 5099505164153030759

1045 DEFE the Cudgeller (level 8, -5/58 HPs)
             Began as a Coglin Fighter on Apr 15, 2024.
             Was a Follower of the Shining One.
             Succumbed to a gnoll sergeant's poison
             ... on level 5 of the Dungeon.
             The game lasted 00:02:43 (4128 turns).

DEFE the Cudgeller (Coglin Fighter)                 Turns: 4128, Time: 00:02:44

Health: -5/58      AC: 10    Str: 20    XL:     8   Next: 25%
Magic:  11/11      EV:  7    Int:  7    God:    the Shining One [*.....]
Gold:   275        SH:  0    Dex: 13    Spells: 7/7 levels left

rFire   + . .        a - +0 flail {Ekveer}
rCold   + . .        j - +0 mace {Fatehjeet}
rNeg    . . .        k - +0 chain mail
rPois   .            o - +0 helmet
rElec   .            w - scarf {rC+ rF+}
rCorr   .            (no gloves)
SInv    .            (no boots)
Will    .....        (amulet unavailable) Stlth
                     (ring unavailable)
HPRegen 0.29/turn    (ring unavailable)
MPRegen 0.12/turn    (no gizmo)

%: no passive effects
@: brilliant, lethally poisoned (-5 -> -33), glowing, revved
A: off-hand wielding, slow wielding, warmup strikes, no jewellery
a: Invent Gizmo, Renounce Religion, Divine Shield


You were on level 5 of the Dungeon.
You worshipped the Shining One.
The Shining One was aware of your devotion.
You visited 1 branch of the dungeon, and saw 5 of its levels.

You collected 275 gold pieces.

Inventory:

Hand Weapons
 a - a +0 flail (weapon) {Ekveer}
 j - a +0 mace (offhand) {Fatehjeet}
Armour
 b - a +0 scale mail
 c - a +0 buckler
 k - a +0 chain mail (worn)
 o - a +0 helmet (worn)
 w - a scarf of resistance (worn)
Wands
 s - a wand of polymorph (9)
Scrolls
 e - a scroll of teleportation {unknown}
 f - 2 scrolls of enchant armour {unknown}
 h - a scroll of amnesia {unknown}
 i - 3 scrolls of identify {unknown}
 l - a scroll of summoning {unknown}
 m - a scroll of poison {unknown}
 p - a scroll of revelation {unknown}
 r - a scroll of noise {unknown}
 u - a scroll of silence {unknown}
 v - a scroll of enchant weapon {unknown}
Potions
 d - a potion of might
 n - a potion of curing {unknown}
 q - a potion of lignification {unknown}
 t - a potion of degeneration {unknown}


   Skills:
 - Level 3.0 Fighting
 + Level 7.0 Maces & Flails
 - Level 2.6 Armour
 - Level 2.1 Shields
 + Level 4.5 Invocations


You had 7 spell levels left.
You didn't know any spells.
Your spell library contained the following spells:

 Spells                   Type           Power      Damage    Failure   Level
 Call Imp                 Summ           0%         N/A       99%         2
 Sublimation of Blood     Necr           0%         N/A       99%         2
 Summon Ice Beast         Ice/Summ       0%         N/A       100%        3
 Curse of Agony           Necr           0%         N/A       100%        5
 Haunt                    Necr/Summ      0%         N/A       100%        7
 Summon Hydra             Summ           0%         N/A       100%        7


Dungeon Overview and Level Annotations

Branches:
Dungeon (5/15)             Temple (0/1) D:4

Altars:
Cheibriados
Wu Jian
Yredelemnul
The Shining One

Shops:
D:2 [


Innate Abilities, Weirdness & Mutations

You can wield a second weapon in your off-hand.
It takes a long time for you to wield or remove held weapons.
Your first few attacks do less damage.
You cannot equip rings or amulets.


Message History

The gnoll hits you but does no damage.
Unknown command.
You hit the orc wizard but do no damage.
You barely miss the orc wizard with your +0 mace.
The orc wizard hits you but does no damage.
The gnoll hits you from afar with a +0 spear.
Unknown command.
You sock the orc wizard with your +0 flail!
The orc wizard is heavily wounded.
You sock the orc wizard with your +0 mace!
You kill the orc wizard!
Reactivating autopickup.
Your attacks no longer feel as feeble.
The gnoll barely misses you.
You barely miss the gnoll with your +0 mace.
You hit the gnoll with your +0 flail. The gnoll hits you but does no damage.
Unknown command.
The gnoll sergeant hits you from afar with a +4 spear of venom.
You are poisoned.
The gnoll barely misses you.
The gnoll hits you but does no damage. x3
There is an open door, spattered with blood here.
Items here: )))))) [[ ††.
Unknown command.
You barely miss the gnoll with your +0 mace.
The gnoll is lightly wounded.
You hit the gnoll but do no damage.
You feel very sick.
The gnoll sergeant hits you from afar with a +4 spear of venom!
* * * LOW HITPOINT WARNING * * *
You are lethally poisoned!
The gnoll hits you but does no damage. The gnoll hits you with a +0 flail.
* * * LOW HITPOINT WARNING * * *
The gnoll hits you from afar with a +0 spear.
* * * LOW HITPOINT WARNING * * *
The gnoll hits you but does no damage.
Unknown command.
Unknown command.
It was a potion of brilliance.
You feel clever all of a sudden.
You die...

##. ... ..# #####g..#
###+####.g@go..#
.......#..#go..#
.⌠...⌠.#..#og.....
###.......#..#.......
####.+...⌠...'..##...##.
...#.#.......#..# ...#
..<..#.⌠...⌠.#..# ....
.....#.......#._# ....#
.....####+####.>#


You could see a gnoll sergeant, an orc wizard, 4 gnolls and 2 orcs.

Vanquished Creatures
  Grinder (D:5)
  A phantom (D:4)
  A scorpion (D:4)
  2 bombardier beetles
  3 hounds (D:4)
  An orc priest (D:3)
  2 gnoll boudas
  Terence (D:3)
  An iguana (D:4)
  Natasha (twice) (D:3)
  2 orc wizards
  Robin (D:3)
  8 adders
  12 gnolls
  A white imp (D:5)
  3 dart slugs
  A ribbon worm (D:3)
  6 orcs
  7 bats
  7 endoplasms
  8 giant cockroaches
  12 goblins
  9 hobgoblins
  10 jackals
  3 quokkas
  6 ball pythons
  3 frilled lizards
  4 kobolds
  10 rats
128 creatures vanquished.

Notes
Turn   | Place    | Note
-------+----------+-------------------------------------------
     0 | D:1      | DEFE the Coglin Fighter began the quest for the Orb.
     0 | D:1      | Reached XP level 1. HP: 18/18 MP: 1/1
    84 | D:1      | Reached skill level 2 in Maces & Flails
   214 | D:1      | Reached XP level 2. HP: 17/24 MP: 2/2
   278 | D:1      | Reached skill level 3 in Maces & Flails
   316 | D:1      | Reached XP level 3. HP: 28/29 MP: 3/3
  1073 | D:2      | Reached XP level 4. HP: 35/35 MP: 4/4
  1112 | D:2      | Found Keduak's Antique Armour Shoppe.
  1195 | D:2      | Reached skill level 4 in Maces & Flails
  1795 | D:3      | Found a glowing golden altar of the Shining One.
  1859 | D:3      | Became a worshipper of the Shining One
  1870 | D:3      | Reached XP level 5. HP: 32/41 MP: 5/5
  1926 | D:3      | Found a faded altar of an unknown god.
  2000 | D:3      | Noticed Robin
  2024 | D:3      | Killed Robin
  2310 | D:3      | Found a basalt altar of Yredelemnul.
  2315 | D:3      | Reached skill level 5 in Maces & Flails
  2315 | D:3      | Reached skill level 1 in Invocations
  2380 | D:3      | Found a snail-covered altar of Cheibriados.
  2405 | D:3      | Reached XP level 6. HP: 43/47 MP: 5/7
  2765 | D:3      | Noticed Terence
  2772 | D:3      | Killed Terence
  2775 | D:3      | Noticed Natasha
  2780 | D:3      | Killed Natasha
  2937 | D:3      | Noticed Natasha
  2942 | D:3      | Killed Natasha
  2942 | D:3      | Reached * piety under the Shining One
  3168 | D:4      | Found a staircase to the Ecumenical Temple.
  3180 | D:4      | Reached XP level 7. HP: 40/52 MP: 7/9
  3363 | D:4      | Reached skill level 6 in Maces & Flails
  3681 | D:4      | Got the Compilation of Production and Skeletons
  4011 | D:5      | Entered Level 5 of the Dungeon
  4052 | D:5      | Found an ornate altar of the Wu Jian Council.
  4052 | D:5      | Noticed Grinder
  4052 | D:5      | Paralysed by Grinder for 3 turns
  4062 | D:5      | Killed Grinder
  4063 | D:5      | Reached XP level 8. HP: 48/58 MP: 9/11
  4117 | D:5      | Reached skill level 7 in Maces & Flails
  4127 | D:5      | HP: 1/58 [gnoll/+0 spear[a gnoll sergeant] (6)]
  4128 | D:5      | Succumbed to a gnoll sergeant's poison

Illustrated notes

Levels and vault maps discovered:
D:1:      elethiomel_arrival_maze, layout_basic, minmay_distorted
D:2:      kb_forest_paths, layout_basic, serial_shops, nicolae_shop_crystal
D:3:      layout_basic, mainiacjoe_overflow_six_doors_small,
          mainiacjoe_overflow_24_doors, lemuel_round_altar,
          chequers_ecumenical_altar_simple, serial_bayou_ford_a, st_stairs_9,
          minivault_19, minmay_misc_feat_rugged, uniq_natasha, uniq_terence,
          uniq_robin
D:4:      layout_loops_ring, minmay_temple_entry_junction, serial_forest,
          infiniplex_forest_lined_ring, infiniplex_forest_lined_room_3,
          infiniplex_forest_straight_5, infiniplex_forest_lined_corner,
          infiniplex_forest_straight_2, infiniplex_forest_clump_tiny,
          infiniplex_forest_clump_medium, infiniplex_forest_straight_5,
          minmay_misc_feat_iff
D:5:      layout_gridville, overflow_temple_1_default,
          gammafunk_temple_overflow_wave, minmay_fountain_box, uniq_grinder

Skill      XL: |  1  2  3  4  5  6  7  8 |
---------------+-------------------------+-----
Maces & Flails | 2 3 4 5 6 7 |  7.0
Invocations    | 1 2 4 |  4.5
Fighting       | |  3.0
Armour         | |  2.6
Shields        | |  2.1

Action                     |  1- 3 |  4- 6 |  7- 9 || total
---------------------------+-------+-------+-------++-------
  Melee: Flail             |    71 |   126 |    75 ||   272
         Mace              |    14 |   119 |    81 ||   214
    Use: Potion            |       |       |     1 ||     1
 Armour: Scale mail        |    53 |     1 |       ||    54
         Chain mail        |       |   185 |    80 ||   265
  Dodge: Dodged            |    31 |    75 |    38 ||   144
  Block: Buckler           |    15 |       |       ||    15

Table legend: (Time is in decaauts)
 A = Elapsed time spent in this place.
 B = Non-inter-level travel time spent in this place.
 C = Inter-level travel time spent in this place.
 D = Time resting spent in this place.
 E = Time spent auto-exploring this place.
 F = Levels seen in this place.
 G = Mean time per level.
                   A        B        C        D        E       F      G
               +--------+--------+--------+--------+--------+-----+--------+
         Total |   4183 |   4053 |    130 |    437 |   2913 |   5 |  836.6 |
       Dungeon |   4183 |   4053 |    130 |    437 |   2913 |   5 |  836.6 |
               +--------+--------+--------+--------+--------+-----+--------+

Top non-repeatable levels by time:
     D:3: 1271 daAuts
     D:4: 981 daAuts
     D:1: 933 daAuts
     D:2: 880 daAuts
     D:5: 117 daAuts
